 Dungeon Crawl Stone Soup version 0.27-a0-406-g23f261fbd2 (webtiles) character file.

Game seed: 10716100967810465578

610 kae the Chopper (level 7, -5/61 HPs)
             Began as a Hill Orc Fighter on Feb 22, 2021.
             Was an Initiate of Qazlal.
             Slain by an ogre
             ... wielding a +0 giant spiked club
              (18 damage)
             ... on level 5 of the Dungeon.
             The game lasted 00:03:22 (5354 turns).

kae the Chopper (Hill Orc Fighter)                  Turns: 5354, Time: 00:03:22

Health: -5/61      AC:  7    Str: 21    XL:     7   Next: 43%
Magic:  7/7        EV:  8    Int:  8    God:    Qazlal [......]
Gold:   145        SH:  9    Dex: 10    Spells: 6/6 levels left

rFire    x . .     SeeInvis .   a - +0 war axe
rCold    + . .     Faith    .   c - +0 kite shield
rNeg     + . .     Spirit   .   b - +0 scale mail
rPois    .         Reflect  .   (no helmet)
rElec    .         Harm     .   (no cloak)
rCorr    .         Rampage  .   (no gloves)
Will     .....                  (no boots)
Stlth    ..........             (no amulet)
HPRegen  0.20/turn              g - ring of ice
MPRegen  0.10/turn              h - ring of positive energy

@: no status effects
A: no striking features
a: Renounce Religion


You were on level 5 of the Dungeon.
You worshipped Qazlal.
Qazlal was noncommittal.
You visited 2 branches of the dungeon, and saw 6 of its levels.

You collected 145 gold pieces.

Inventory:

Hand Weapons
 a - a +0 war axe (weapon)
Armour
 b - a +0 scale mail (worn)
 c - a +0 kite shield (worn)
 m - a +0 cloak
Jewellery
 g - a ring of ice (left hand)
 h - a ring of positive energy (right hand)
 n - a +6 ring of strength {unknown}
Wands
 e - a wand of paralysis (9)
Scrolls
 i - a scroll of fear
 j - 2 scrolls of teleportation
 o - 2 scrolls of identify
 p - 2 scrolls of blinking
 q - a scroll of amnesia {unknown}
Potions
 d - 3 potions of might
 f - 2 potions of degeneration
 k - a potion of attraction {unknown}
 l - 2 potions of flight
 r - a potion of ambrosia {unknown}


   Skills:
 + Level 5.5 Fighting
 * Level 6.9 Axes
 + Level 5.0 Armour
 + Level 2.5 Dodging
 - Level 3.2 Shields
 + Level 0.8 Invocations


You had 6 spell levels left.
You didn't know any spells.
Your spell library was empty.

Dungeon Overview and Level Annotations

Branches:
Dungeon (5/15)             Temple (1/1) D:4

Altars:
Fedhas
Gozag
Hepliaklqana
Nemelex Xobeh
Okawaru
Qazlal
Ru
Sif Muna
Uskayaw
Vehumet
Wu Jian
Yredelemnul
Zin
The Shining One

Annotations:
D:3 3 runed translucent doors, p0werm0de's ghost, amateur GrFi


Message History

You climb downwards.
An ogre comes into view. It is wielding a +0 giant spiked club.
The ogre shouts!
There is a stone staircase leading up here.
Okay, then.
Your scale mail prevents you from hitting the ogre.
The ogre hits you with a +0 giant spiked club!
You hit the ogre.
The ogre is lightly wounded.
The ogre hits you with a +0 giant spiked club.
You slash the ogre!
The ogre is heavily wounded.
The ogre hits you with a +0 giant spiked club!
You are too injured to fight recklessly!
You are too injured to fight recklessly!
You are too injured to fight recklessly!
You are too injured to fight recklessly!
You are too injured to fight recklessly!
You are too injured to fight recklessly!
You are too injured to fight recklessly!
You completely miss the ogre.
The ogre is heavily wounded.
The ogre barely misses you.
You hit the ogre but do no damage.
The ogre is heavily wounded.
You block the ogre's attack.
You closely miss the ogre.
The ogre is heavily wounded.
The ogre hits you with a +0 giant spiked club!
You hit the ogre.
The ogre is heavily wounded.
The ogre hits you with a +0 giant spiked club!
* * * LOW HITPOINT WARNING * * *
You slash the ogre!
The ogre is severely wounded.
The ogre closely misses you.
You hit the ogre.
The ogre is almost dead.
The ogre hits you with a +0 giant spiked club!!
You die...

...# ...#
.... #..#
#..######
###........
#.......#
#..@.#
#..O..#
#....##
.......
#####.###
#.# #.# #.#


You could see an ogre.

Vanquished Creatures
  Grinder (D:3)
  An ogre (D:4)
  2 scorpions (D:4)
  An iguana (D:4)
  4 gnolls (D:2)
  9 adders
  A white imp (D:2)
  An adder skeleton (D:4)
  3 dart slugs
  2 leopard geckos
  5 orcs
  A giant cockroach (D:3)
  4 goblins
  3 hobgoblins
  4 jackals (D:2)
  2 quokkas
  6 ball pythons (D:4)
  8 bats
  3 frilled lizards
  8 kobolds
  7 rats
76 creatures vanquished.

Notes
Turn   | Place    | Note
-------+----------+-------------------------------------------
     0 | D:1      | kae the Hill Orc Fighter began the quest for the Orb.
     0 | D:1      | Reached XP level 1. HP: 19/19 MP: 1/1
   130 | D:1      | Reached skill level 3 in Axes
   163 | D:1      | Reached XP level 2. HP: 27/27 MP: 2/2
   667 | D:2      | Reached XP level 3. HP: 23/33 MP: 3/3
   974 | D:2      | Reached skill level 4 in Axes
   974 | D:2      | Reached skill level 1 in Dodging
  1216 | D:2      | Reached XP level 4. HP: 15/40 MP: 4/4
  1276 | D:2      | Found an iron altar of Okawaru.
  2235 | D:3      | Reached XP level 5. HP: 47/47 MP: 5/5
  2636 | D:3      | Noticed Grinder
  2638 | D:3      | Paralysed by Grinder for 6 turns
  2873 | D:3      | Found a sacrificial altar of Ru.
  3142 | D:3      | Killed Grinder
  3143 | D:3      | Reached skill level 5 in Fighting
  3143 | D:3      | Reached skill level 6 in Axes
  3143 | D:3      | Reached XP level 6. HP: 28/56 MP: 6/6
  3303 | D:3      | Found a runed translucent gate.
  3304 | D:3      | Found a runed translucent gate.
  3305 | D:3      | Found a runed translucent gate.
  3305 | D:3      | Noticed p0werm0de's ghost (amateur GrFi)
  3824 | D:4      | Found a staircase to the Ecumenical Temple.
  3869 | Temple   | Entered the Ecumenical Temple
  4254 | Temple   | Became a worshipper of Qazlal Stormbringer
  4318 | D:4      | Reached XP level 7. HP: 39/61 MP: 7/7
  4680 | D:4      | Found a blossoming altar of Fedhas.
  5025 | D:4      | Reached skill level 5 in Armour
  5345 | D:5      | Entered Level 5 of the Dungeon
  5354 | D:5      | Slain by an ogre

Illustrated notes

Levels and vault maps discovered:
D:1:      minmay_arrival_wavy_path, layout_rooms
D:2:      layout_loops_ring, okawaru_metal_pillars_1_2
D:3:      layout_loops_ring, lemuel_coloured_pillars_altar,
          ebering_ghost_rock_garden, uniq_grinder, uniq_crazy_yiuf_cottage
D:4:      layout_cave_pools, nicolae_overflow_crystal_walls, temple_fountains,
          minmay_snake_closets
D:5:      layout_loops_corners, old_standard_altar, cheibrodos_ashenzari_chains,
          serial_shops, shop, minivault_26, uniq_menkaure
Temple:   minmay_temple_curvy_loop

Skill      XL: |  1  2  3  4  5  6  7 |
---------------+----------------------+-----
Axes           | 3 4 6 |  6.9
Fighting       | 4 5 |  5.5
Dodging        | 1 2 |  2.5
Armour         | 4 5 |  5.0
Shields        | |  3.2
Invocations    | |  0.8

Action                   |  1- 3 |  4- 6 |  7- 9 || total
-------------------------+-------+-------+-------++-------
Melee: War axe           |    71 |   125 |    68 ||   264
  Use: Potion            |     1 |       |       ||     1
       Scroll            |       |     7 |       ||     7
Armor: Scale mail        |    40 |    41 |    26 ||   107
Dodge: Dodged            |    23 |    43 |    25 ||    91
Block: Kite shield       |    45 |    55 |    30 ||   130

Table legend: (Time is in decaauts)
 A = Elapsed time spent in this place.
 B = Non-inter-level travel time spent in this place.
 C = Inter-level travel time spent in this place.
 D = Time resting spent in this place.
 E = Time spent auto-exploring this place.
 F = Levels seen in this place.
 G = Mean time per level.
                   A        B        C        D        E       F      G
               +--------+--------+--------+--------+--------+-----+--------+
         Total |   5481 |   5291 |    190 |    577 |   3977 |   6 |  913.5 |
       Dungeon |   5078 |   4940 |    138 |    577 |   3627 |   5 | 1015.6 |
        Temple |    402 |    351 |     51 |      0 |    350 |   1 |  402.0 |
               +--------+--------+--------+--------+--------+-----+--------+

Top non-repeatable levels by time:
     D:3: 1652 daAuts
     D:2: 1441 daAuts
     D:4: 1270 daAuts
     D:1: 701 daAuts
  Temple: 402 daAuts
     D:5: 11 daAuts
